 Dungeon Crawl Stone Soup version 0.29.0-13-gc9e81de378 (webtiles) character file.

Game seed: 16821099800155740999

105 themarg the Carver (level 4, -3/30 (32) HPs)
             Began as a Gnoll Wanderer on Sept 7, 2022.
             Slain by a wight
             ... wielding a +3 dagger
              (8 damage)
             ... on level 3 of the Dungeon.
             The game lasted 00:07:56 (3594 turns).

themarg the Carver (Gnoll Wanderer)                 Turns: 3594, Time: 00:07:57

HP:   -3/30 (32)    AC:  4    Str: 12    XL:     4   Next: 83%
MP:   8/8           EV: 12    Int: 11    God:
Gold: 101           SH:  0    Dex: 13    Spells: 8/9 levels left

rFire   . . .      SeeInvis .   a - +2 falchion
rCold   . . .      Faith    .   (no shield)
rNeg    . . .      Spirit   .   g - +0 leather armour
rPois   .          Reflect  .   b - +0 helmet
rElec   .          Harm     .   (no cloak)
rCorr   .          Rampage  .   (no gloves)
Will    .....                   (no boots)
Stlth   ++........              (no amulet)
HPRegen 0.10/turn               (no ring)
MPRegen 0.11/turn               (no ring)

@: drained
A: fangs 1, strong nose, distributed training
a: no special abilities


You were on level 3 of the Dungeon.
You visited 2 branches of the dungeon, and saw 7 of its levels.

You collected 101 gold pieces.

Inventory:

Hand Weapons
 a - a +2 falchion (weapon)
Missiles
 f - 8 poisoned darts
 u - 6 atropa-tipped darts
Armour
 b - a +0 helmet (worn)
 d - a +0 robe
 g - a +0 leather armour (worn)
Scrolls
 e - 9 scrolls of identify {unknown}
 j - 2 scrolls of teleportation {unknown}
 m - a scroll of immolation {unknown}
 q - a scroll of enchant armour {unknown}
Potions
 c - 5 potions of berserk rage
 h - 2 potions of attraction {unknown}
 i - 2 potions of heal wounds {unknown}
 k - a potion of ambrosia {unknown}
 l - 3 potions of curing {unknown}
 n - a potion of lignification {unknown}
 o - a potion of mutation {unknown}
 p - a potion of might {unknown}
 r - a potion of brilliance {unknown}
 s - a potion of magic {unknown}
 t - a potion of flight {unknown}


   Skills:
 + Level 1.3 Fighting
 + Level 1.3 Short Blades
 + Level 8.6 Long Blades
 + Level 1.3 Axes
 + Level 1.3 Maces & Flails
 + Level 1.3 Polearms
 + Level 1.3 Staves
 + Level 1.3 Ranged Weapons
 + Level 1.3 Throwing
 + Level 1.3 Armour
 + Level 2.8 Dodging
 + Level 2.6 Stealth
 + Level 1.3 Shields
 + Level 1.3 Unarmed Combat
 + Level 3.1 Spellcasting
 + Level 1.0 Conjurations
 + Level 1.0 Hexes
 + Level 1.0 Summonings
 + Level 1.0 Necromancy
 + Level 1.0 Translocations
 + Level 1.0 Transmutations
 + Level 3.9 Fire Magic
 + Level 1.0 Ice Magic
 + Level 1.0 Air Magic
 + Level 1.0 Earth Magic
 + Level 1.0 Poison Magic
 + Level 1.4 Invocations
 + Level 2.8 Evocations


You had 8 spell levels left.
You knew the following spells:

 Your Spells              Type           Power      Damage    Failure   Level
a - Foxfire               Conj/Fire      28%        2x1d5     12%         1

Your spell library contained the following spells:

 Spells                   Type           Power      Damage    Failure   Level
 Inner Flame              Hex/Fire       7%         N/A       34%         3
 Call Canine Familiar     Summ           4%         N/A       54%         3
 Confusing Touch          Hex            4%         N/A       54%         3
 Portal Projectile        Hex/Tloc       8%         N/A       54%         3
 Anguish                  Hex/Necr       2%         N/A       91%         4
 Leda's Liquefaction      Hex/Erth       2%         N/A       91%         4
 Freezing Cloud           Conj/Ice/Air   2%         6-21      99%         5
 Yara's Violent Unravell  Hex/Tmut       2%         3d3       99%         5
 Simulacrum               Ice/Necr       2%         N/A       100%        6
 Enfeeble                 Hex            2%         N/A       100%        7
 Polar Vortex             Ice            2%         N/A       100%        9


Dungeon Overview and Level Annotations

Branches:
Dungeon (6/15)             Temple (1/1) D:4

Altars:
Ashenzari
Cheibriados
Elyvilon
Kikubaaqudgha
Okawaru
Ru
Trog
Uskayaw
Yredelemnul
The Shining One


Innate Abilities, Weirdness & Mutations

You have very sharp teeth.
Your uncanny sense of smell can sniff out nearby items.
Your experience applies equally to all skills.


Message History

You kill the jackal!
The dart slug launches a dart at you. The slug dart misses you.
You see here a book of Misfortune.
You pick up a book of Misfortune and begin reading...
You add the spells Confusing Touch and Yara's Violent Unravelling to your library.
The dart slug launches a dart at you. The slug dart hits you.
The dart slug launches a dart at you.
The slug dart hits you but does no damage.
The dart slug launches a dart at you. The slug dart misses you.
You slash the dart slug!
The dart slug is almost dead.
You slash the dart slug!
You kill the dart slug!
There is a stone staircase leading up here.
HP restored.
Found a stone staircase leading down.
A wight comes into view. It is wielding a +3 dagger.
Found a stone staircase leading down. 2 wights come into view.
The helpless wight fails to defend itself.
You hit the wight.
The wight is lightly damaged.
The wight hits you with a +3 dagger!
You feel drained.
You hit the wight but do no damage. The wight hits you with a +3 dagger.
The wight attacks as you move away! The wight hits you with a +3 dagger.
The wight attacks as you move away! The wight hits you with a +3 dagger!
* * * LOW HITPOINT WARNING * * *
The wight attacks as you move away! The wight barely misses you.
There is a stone staircase leading up here.
The wight hits you with a +3 dagger.
* * * LOW HITPOINT WARNING * * *
You feel drained.
* * * LOW HITPOINT WARNING * * *
You climb upwards.
There is a stone staircase leading down here.
The wight attacks as you move away! The wight hits you with a +3 dagger!
You die...

.......### #...# #....###.
.......# #...# #.##.....
......(####### #...# #.##.####
.......#.....############......##
.......##..#.......###.....)...##
.......###..##.................##
######## ##....###>##............
#..#####.##............
######..<.@z.....########## #####
#........##...#.## #
....###...........###.# #
###...#.......(.### #.# ###
###.#.........## #.# #..
#.#..........####.# #.#
#####........#.#......### ###..
≈≈≈#####................## #....
≈⌠≈≈##......########...))# #.##.


You could see a wight.

Vanquished Creatures
  2 adders
  4 dart slugs
  7 orcs
  6 endoplasms
  2 giant cockroaches
  A goblin (D:3)
  8 hobgoblins
  8 jackals
  6 kobolds
  4 quokkas
  2 ball pythons
  6 bats
  3 frilled lizards
  4 rats (D:2)
63 creatures vanquished.

Vanquished Creatures (others)
  4 plants (D:3)
4 creatures vanquished.

Grand Total: 67 creatures vanquished

Notes
Turn   | Place    | Note
-------+----------+-------------------------------------------
     0 | D:1      | themarg the Gnoll Wanderer began the quest for the Orb.
     0 | D:1      | themarg set off with the following items: a +2 falchion, a
                  | +0 helmet, a potion of berserk rage, a +0 robe; and the
                  | following spell memorised: Foxfire; and the following
                  | spells available to memorise: Inner Flame.
     0 | D:1      | Reached XP level 1. HP: 13/13 MP: 4/4
   222 | D:1      | Reached XP level 2. HP: 19/19 MP: 5/5
   626 | D:1      | Found a faded altar of an unknown god.
  1059 | D:2      | Reached XP level 3. HP: 22/25 MP: 7/7
  1278 | D:2      | Reached skill level 1 in Invocations
  1825 | D:2      | Reached skill level 1 in Fighting
  1825 | D:2      | Reached skill level 1 in Short Blades
  1825 | D:2      | Reached skill level 1 in Axes
  1825 | D:2      | Reached skill level 1 in Maces & Flails
  1825 | D:2      | Reached skill level 1 in Polearms
  1825 | D:2      | Reached skill level 1 in Staves
  1825 | D:2      | Reached skill level 1 in Ranged Weapons
  1825 | D:2      | Reached skill level 1 in Throwing
  1825 | D:2      | Reached skill level 1 in Armour
  1825 | D:2      | Reached skill level 1 in Shields
  1825 | D:2      | Reached skill level 1 in Unarmed Combat
  2122 | D:3      | You fall into a shaft and drop 3 floors!
  2129 | D:5      | Entered Level 5 of the Dungeon
  2219 | D:4      | Found a staircase to the Ecumenical Temple.
  2226 | Temple   | Entered the Ecumenical Temple
  2505 | D:3      | Reached XP level 4. HP: 32/32 MP: 8/8
  2963 | D:3      | Reached skill level 1 in Conjurations
  2963 | D:3      | Reached skill level 1 in Hexes
  2963 | D:3      | Reached skill level 1 in Summonings
  2963 | D:3      | Reached skill level 1 in Necromancy
  2963 | D:3      | Reached skill level 1 in Translocations
  2963 | D:3      | Reached skill level 1 in Transmutations
  2963 | D:3      | Reached skill level 1 in Ice Magic
  2963 | D:3      | Reached skill level 1 in Air Magic
  2963 | D:3      | Reached skill level 1 in Earth Magic
  2963 | D:3      | Reached skill level 1 in Poison Magic
  2987 | D:3      | Found a white marble altar of Elyvilon.
  3276 | D:4      | Noticed a black bear
  3594 | D:3      | Slain by a wight

Illustrated notes

Levels and vault maps discovered:
D:1:      amcnicky_arrival_wind_blow, layout_loops_ring,
          nicolae_ecumenical_lake_church
D:2:      layout_basic, hangedman_decor_diamond_cutter
D:3:      layout_rooms, nicolae_elyvilon_temple_path
D:4:      layout_cave_pods, minmay_temple_entry_arrows, feat_on_display
D:5:      layout_basic
D:6:      layout_cave_pools, nzn_wu_jian_contemplation, uniq_blork_the_orc,
          uniq_menkaure
Temple:   hellmonk_temple_forest_ring

Skill      XL: |  1  2  3  4 |
---------------+-------------+-----
Invocations    | 1 |  1.4
Fighting       | 1 |  1.3
Short Blades   | 1 |  1.3
Axes           | 1 |  1.3
Maces & Flails | 1 |  1.3
Polearms       | 1 |  1.3
Staves         | 1 |  1.3
Ranged Weapons | 1 |  1.3
Throwing       | 1 |  1.3
Armour         | 1 |  1.3
Shields        | 1 |  1.3
Unarmed Combat | 1 |  1.3
Spellcasting   | 3 |  3.1
Conjurations   | 1 |  1.0
Hexes          | 1 |  1.0
Summonings     | 1 |  1.0
Necromancy     | 1 |  1.0
Translocations | 1 |  1.0
Transmutations | 1 |  1.0
Ice Magic      | 1 |  1.0
Air Magic      | 1 |  1.0
Earth Magic    | 1 |  1.0
Poison Magic   | 1 |  1.0
Long Blades    | |  8.6
Dodging        | |  2.8
Stealth        | |  2.6
Fire Magic     | |  3.9
Evocations     | |  2.8

Action                   |  1- 3 |  4- 6 || total
-------------------------+-------+-------++-------
Melee: Falchion          |    96 |    64 ||   160
       Bite              |     9 |     3 ||    12
 Stab: Sleeping          |     3 |     2 ||     5
Armor: Robe              |     3 |       ||     3
       Leather armour    |    14 |    20 ||    34
Dodge: Dodged            |    50 |    39 ||    89
